 Dungeon Crawl Stone Soup version 0.26-a0-362-g1d9a9cd4fa (webtiles) character file.

Game seed: 12794590142952191681

80 BritishOli the Sneak (level 4, -3/35 HPs)
             Began as a Demonspawn Delver on July 18, 2020.
             Slain by a worm (11 damage)
             ... on level 2 of the Dungeon.
             The game lasted 00:01:51 (1400 turns).

BritishOli the Sneak (Demonspawn Delver)            Turns: 1400, Time: 00:01:51

Health: -3/35      AC:  5    Str: 13    XL:     4   Next: 18%
Magic:  4/4        EV: 12    Int: 12    God:
Gold:   83         SH:  0    Dex: 14    Spells: 3/3 levels left

rFire    . . .     SeeInvis .   a - +0 falchion
rCold    . . .     Faith    .   (no shield)
rNeg     . . .     Spirit   .   b - +0 leather armour
rPois    .         Reflect  .   (no helmet)
rElec    .         Harm     .   (no cloak)
rCorr    .                      (no gloves)
MR       .....                  (no boots)
Stlth    ++........             (no amulet)
HPRegen  0.11/turn              (no ring)
MPRegen  0.09/turn              (no ring)

@: no status effects
A: claws 1, slimy green scales 1
a: no special abilities


You were on level 2 of the Dungeon.
You visited 1 branch of the dungeon, and saw 5 of its levels.

You collected 83 gold pieces.

Inventory:

Hand Weapons
 a - a +0 falchion (weapon)
Missiles
 k - a silver javelin (quivered)
Armour
 b - a +0 leather armour (worn)
Wands
 g - a wand of digging (3)
Scrolls
 c - a scroll of fog
 d - a scroll of magic mapping
 e - a scroll of fear
 h - 2 scrolls of random uselessness {unknown}
 i - 3 scrolls of identify {unknown}
 l - a scroll of teleportation {unknown}
 m - a scroll of remove curse {unknown}
Potions
 f - a potion of haste
 j - 2 potions of curing {unknown}


   Skills:
 + Level 3.4 Fighting
 * Level 2.9 Long Blades
 + Level 1.3 Armour
 + Level 2.3 Dodging
 - Level 4.5 Stealth


You had 3 spell levels left.
You didn't know any spells.
Your spell library was empty.

Dungeon Overview and Level Annotations

Branches:
Dungeon (5/15)
 Temple: D:4-7

Altars:
Cheibriados
Dithmenos
Uskayaw

Annotations:
D:2 Sigmund


Innate Abilities, Weirdness & Mutations

You have sharp fingernails.
You are partially covered in slimy green scales. (AC +2)


Message History

Sigmund is severely wounded.
The frilled lizard closely misses you. The worm closely misses you.
Sigmund misses you.
You riposte.
You barely miss Sigmund.
Sigmund is severely wounded.
Throwing (i - inventory)
k - 3 silver javelins (quivered)
Press: ? - help, Shift-Dir - straight line, f - worm
Aim: a worm You throw a silver javelin.
The silver javelin completely misses the worm.
The frilled lizard barely misses you. Sigmund hits you but does no damage.
The frilled lizard bites you but does no damage.
The worm bites you.
Throwing (i - inventory)
k - 2 silver javelins (quivered)
Press: ? - help, Shift-Dir - straight line, p - worm You throw a silver javelin.
The silver javelin barely misses Sigmund.
The frilled lizard closely misses you. Sigmund hits you with a +0 scythe!
* * * LOW HITPOINT WARNING * * *
The worm bites you!
You die...

####...#####PP≈≈≈≈≈...##
#...# #≈PP≈≈≈ ≈####
#...# #P≈P≈P # #.(.#
#P.≈. #...# ##.#
#.###...### ..
#.........# #.........#
#.......@.# #......l@w#
..........# #.........#
#.........# ........(♣.
..##...#P. .. #... #..


You could see Sigmund, a worm and a frilled lizard.

Vanquished Creatures
  Jessica (D:2)
  An adder (D:2)
  An ooze (D:1)
  2 leopard geckos
  A bat (D:1)
  4 giant cockroaches
  A goblin (D:1)
  4 hobgoblins
  9 jackals
  3 kobolds (D:1)
  A quokka (D:5)
  2 frilled lizards
  5 rats
35 creatures vanquished.

Notes
Turn   | Place    | Note
-------+----------+-------------------------------------------
     0 | D:5      | BritishOli the Demonspawn Delver began the quest for the
                  | Orb.
     0 | D:5      | Reached XP level 1. HP: 18/18 MP: 1/1
   249 | D:3      | Noticed a +0 hand axe
   250 | D:3      | Found a hide-covered altar of Uskayaw.
   251 | D:3      | Found a shadowy altar of Dithmenos.
   251 | D:3      | Noticed a +0 dagger
   464 | D:1      | Gained mutation: You are partially covered in slimy green
                  | scales. (AC +2) [demonic ancestry]
   464 | D:1      | Reached XP level 2. HP: 24/24 MP: 2/2
   497 | D:1      | Found a snail-covered altar of Cheibriados.
   813 | D:1      | Gained mutation: You have sharp fingernails. [demonic
                  | ancestry]
   813 | D:1      | Reached XP level 3. HP: 29/29 MP: 3/3
   987 | D:1      | Reached skill level 1 in Armour
  1305 | D:2      | Noticed Jessica
  1308 | D:2      | Killed Jessica
  1308 | D:2      | Reached XP level 4. HP: 35/35 MP: 4/4
  1382 | D:2      | Noticed Sigmund
  1400 | D:2      | Slain by a worm

Illustrated notes

Levels and vault maps discovered:
D:1:      eino_arrival_water_star, layout_loops_ring, cheibriados_altar_1
D:2:      layout_basic, serial_bayou, serial_bayou_lagoon_a,
          serial_bayou_ford_a, serial_bayou_pond_e, serial_bayou_crossing,
          serial_bayou_pond_a, serial_bayou_pond_d, minmay_stone_trees_small,
          uniq_robin, uniq_jessica, uniq_sigmund
D:3:      layout_basic, doesnt_xom_only_xom, old_standard_altar,
          dancing_weapons_uskayaw
D:4:      layout_gridville, minmay_temple_entry_nine_rooms,
          grunt_decor_one_mirror, uniq_pikel
D:5:      layout_loops_ring, marbit_many_paths, yredelemnul_altar_generic,
          minmay_diced_spiral

Skill      XL: |  1  2  3 |
---------------+----------+-----
Long Blades    | 2 |  2.9
Dodging        | 2 |  2.3
Armour         | 1 |  1.3
Fighting       | |  3.4
Stealth        | |  4.5

Action                   |  1- 3 |  4- 6 || total
-------------------------+-------+-------++-------
Melee: Falchion          |   112 |    30 ||   142
Throw: Javelin           |       |     2 ||     2
 Stab: Sleeping          |     7 |     1 ||     8
Armor: Leather armour    |    43 |    10 ||    53
Dodge: Dodged            |    93 |    18 ||   111
       Rpst.: Falchion   |    30 |     6 ||    36

Table legend:
 A = Non-vault XP
 B = Vault XP
 C = Vault XP percentage of total XP
 D = Non-vault monster count
 E = Vault monster count
 F = Vault count percentage of total count
                 A         B        C        D         E       F
            +---------+---------+-------+---------+---------+-------
      Total |      78 |      37 |  32.2 |      34 |       1 |   2.9
            +---------+---------+-------+---------+---------+-------
        D:1 |      47 |       0 |   0.0 |      23 |       0 |   0.0
        D:2 |      23 |      37 |  61.7 |       7 |       1 |  12.5
        D:3 |       6 |       0 |   0.0 |       3 |       0 |   0.0
        D:5 |       2 |       0 |   0.0 |       1 |       0 |   0.0
            +---------+---------+-------+---------+---------+-------
